 Seeded DCSS version 0.30-a0-964-gd452b5e7fa (webtiles) character file.

Game seed: 13137397067068997422 (custom seed)

41306 mistaj the Bludgeoner (level 14, -8/76 (79) HPs)
             Began as a Vine Stalker Fighter on Mar 30, 2023.
             Was an Elder of Makhleb.
             Mangled by a phantasmal warrior (20 damage)
             ... summoned by a vampire mage
             ... on level 4 of the Lair of Beasts.
             The game lasted 00:27:45 (13044 turns).

mistaj the Bludgeoner (Vine Stalker Fighter)       Turns: 13044, Time: 00:27:46

HP:   -8/76 (79)    AC: 16    Str: 29    XL:     14   Next: 14%
MP:   0/15          EV:  7    Int: 16    God:    Makhleb [****..]
Gold: 1777          SH: 12    Dex: 16    Spells: 25/25 levels left

rFire   . . .      SeeInvis .    h - +12 eveningstar of the New World {speed, rElec rN+ MP-9 Dex+4}
rCold   + . .      Faith    .    c - +0 buckler
rNeg    + . .      Spirit   +    p - +0 plate armour "Plog" {Will++ Int+5 Dex-3}
rPois   +          Reflect  +    l - +2 helmet {Int+3}
rElec   +          Rampage  .    (no cloak)
rCorr   +                        S - +0 pair of gloves
Will    ++++.                    i - +0 pair of boots Stlth
                                 o - amulet of reflection
HPRegen 1.12/turn                I - ring "Cocoobec" {rPois Will+ rCorr Str+6 Stlth-}
MPRegen 0.14/turn                F - ring of protection from cold

@: lightly drained
A: fangs 3, regeneration 1, magic shield, antimagic bite, no potion heal 2
a: Renounce Religion, Minor Destruction, Lesser Servant of Makhleb, Major
Destruction


You were on level 4 of the Lair of Beasts.
You worshipped Makhleb.
Makhleb was greatly pleased with you.
You visited 3 branches of the dungeon, and saw 16 of its levels.
You also visited: Sewer, Bailey and Ice Cave.

You collected 1777 gold pieces.

Inventory:

Hand Weapons
 h - the +12 eveningstar of the New World (weapon) {speed, rElec rN+ MP-9 Dex+4}
   (You acquired it on level 1 of the Dungeon)

   Dex:       It affects your dexterity (+4).
   rElec:     It insulates you from electricity.
   rN:        It protects you from negative energy.
   MP:        It affects your magic capacity (-9).
Missiles
 r - 2 throwing nets (quivered)
Armour
 c - a +0 buckler (worn)
 i - a +0 pair of boots (worn)
 l - a +2 helmet of intelligence (worn)
 p - the +0 plate armour "Plog" (worn) {Will++ Int+5 Dex-3}
   (You acquired it on level 4 of the Dungeon)

   Int:       It affects your intelligence (+5).
   Dex:       It affects your dexterity (-3).
   Will:      It greatly increases your willpower.
 u - a +1 ring mail of fire resistance
 K - a +2 chain mail of cold resistance
 S - a +0 pair of gloves (worn)
Jewellery
 o - an amulet of reflection (around neck)
 y - a ring of positive energy
 F - a ring of protection from cold (right hand)
 I - the ring "Cocoobec" (left hand) {rPois Will+ rCorr Str+6 Stlth-}
   (You acquired it in a bailey)

   [ring of strength]

   Str:       It affects your strength (+6).
   rPois:     It protects you from poison.
   rCorr:     It protects you from acid and corrosion.
   Will:      It increases your willpower.
   Stlth:     It makes you less stealthy.
 N - a ring of see invisible
 O - a ring of protection from fire
 T - a ring of flight
Wands
 x - a wand of paralysis (9)
 A - a wand of digging (8)
 G - a wand of roots (7)
 M - a wand of flame (12)
 P - a wand of mindburst (7)
Scrolls
 e - 5 scrolls of identify
 j - 11 scrolls of teleportation
 m - 3 scrolls of magic mapping
 n - 3 scrolls of poison {unknown}
 q - 2 scrolls of silence {unknown}
 t - 6 scrolls of enchant armour
 v - a scroll of torment {unknown}
 w - 2 scrolls of fog {unknown}
 B - a scroll of butterflies {unknown}
 C - 3 scrolls of amnesia {unknown}
 D - 3 scrolls of enchant weapon {unknown}
 E - a scroll of brand weapon {unknown}
 J - 2 scrolls of blinking {unknown}
 Q - a scroll of fear {unknown}
 R - a scroll of immolation {unknown}
Potions
 a - 2 potions of cancellation
 b - 4 potions of brilliance
 d - 8 potions of might
 f - 7 potions of mutation
 g - 15 potions of curing
 k - a potion of flight
 s - 6 potions of haste
 z - a potion of berserk rage
 H - a potion of magic
 L - a potion of ambrosia
 U - a potion of lignification {unknown}
 V - a potion of attraction {unknown}


   Skills:
 + Level 11.3 Fighting
 - Level 2.2(10.0) Axes
 * Level 15.0(15.1) Maces & Flails
 - Level 2.4 Armour
 + Level 11.2 Shields
 - Level 6.3 Spellcasting


You had 25 spell levels left.
You didn't know any spells.
Your spell library contained the following spells:

 Spells                   Type           Power      Damage    Failure   Level
 Freeze                   Ice            20%        1d4       88%         1
 Shock                    Conj/Air       20%        1d4       88%         1
 Cigotuvi's Dreadful Rot  Necr/Pois/Air  10%        N/A       96%         2
 Ensorcelled Hibernation  Hex/Ice        10%        N/A       96%         2
 Passwall                 Tmut/Erth      4%         N/A       96%         2
 Dazzling Flash           Conj/Hex       10%        N/A       99%         3
 Frozen Ramparts          Ice            10%        1d2       99%         3
 Hailstorm                Conj/Ice       5%         3d4       99%         3
 Swiftness                Air            5%         N/A       99%         3
 Airstrike                Air            2%         2d(1-17)  100%        4
 Dispel Undead            Necr           5%         3d7       100%        4
 Agony                    Necr           5%         N/A       100%        5
 Silence                  Hex/Air        2%         N/A       100%        5
 Yara's Violent Unravell  Hex/Tmut       2%         3d3       100%        5
 Death Channel            Necr           2%         N/A       100%        6
 Enfeeble                 Hex            2%         N/A       100%        7
 Chain Lightning          Conj/Air       2%         3d3       100%        9
 Fire Storm               Conj/Fire      2%         8d1       100%        9
 Shatter                  Erth           2%         3d6*      100%        9


Dungeon Overview and Level Annotations

Branches:
Dungeon (11/15)            Temple (1/1) D:5            Lair (4/5) D:9
  Swamp (0/4) Lair:2        Snake (0/4) Lair:2        Sewer (visited)
 Bailey (visited)           IceCv (visited)
  Slime: Lair:4-5       Orc: D:9-12

Altars:
Ashenzari
Cheibriados
Dithmenos
Elyvilon
Fedhas
Gozag
Hepliaklqana
Kikubaaqudgha
Makhleb
Nemelex Xobeh
Okawaru
Qazlal
Ru
Sif Muna
Trog
Uskayaw
Vehumet
Wu Jian
Xom
Yredelemnul
Zin
The Shining One

Shops:
D:5 *   D:8 *


Innate Abilities, Weirdness & Mutations

You have razor-sharp teeth.
Your natural rate of healing is unusually fast.
When hurt, damage is shared between your health and your magic reserves.
Your bite disrupts and absorbs the magic of your enemies.
Potions cannot restore your health.


Message History

You impale the necrophage!!
You destroy the necrophage!
The necrophage's corpse disappears in a puff of smoke!
The vampire mumbles some strange words.
The vampire flickers and vanishes!
Something hits you. Something bites you. Something hits you but does no damage.
Something bites you but does no damage.
You puncture something! Your bite misses something.
You hear some strange, mumbled words.
You sock the mummy!
The mummy is heavily damaged.
You block something's attack. Something bites you but does no damage.
You beat the mummy like a drum!!!
You destroy the mummy!
The mummy disappears in a puff of smoke!
Something hits you but does no damage. Something bites you!
Something draws strength from your injuries!
You hit something. The phantasmal warrior gestures at you.
The phantasmal warrior blinks!
Something hits you! Something bites you but does no damage. Something hits you.
Something bites you.
Something draws strength from your injuries!
You barely miss something. You closely miss something.
Your bite misses something. Something completely misses you.
Something bites you.
You hear some strange, mumbled words.
A bolt of negative energy appears from out of thin air!
The bolt of negative energy hits you! You partially resist.
You feel drained.
You sock something! Something hits you but does no damage.
Something bites you but does no damage. Something hits you.
Something bites you!
Something draws strength from your injuries!
Something hits you!
* * * LOW HITPOINT WARNING * * *
Something bites you!
* * * LOW HITPOINT WARNING * * *
Something draws strength from your injuries!
The phantasmal warrior hits you!!
You die...

##....### ♣♣ ♣♣♣ ♣♣. .#.#..#P#♣
♣.♣♣♣♣. #........♣♣ #########
#..♣♣.♣ #.........♣ #.÷..#..+
#..♣♣♣. .........♣♣ #..).'..#
#.§♣..♣ P..<.....♣♣
#....#..#######..♣♣♣. #.........♣
######..#.....#..♣..♣ #........♣♣
#|.W.#..'.....§§♣.♣.. #........♣
#.z{@#..#.....#...♣♣♣ ##.#.#..##
#.§{.'..#.....#.§§♣♣. ##.†....#
###############..♣♣.♣ #.†#.#.##
♣♣♣♣♣♣. ...†..## ♣♣♣♣ ♣♣♣♣.
......# ♣♣♣#..♣♣#♣ ♣♣♣#♣P♣♣♣
......######........##♣##.....P..
.....#.P#..'........##.#.........
.....+....##.......'....#........


You could see a phantasmal warrior (summoned) and a wight (summoned).

Vanquished Creatures
  A frost giant (IceCv)
  Nessos (Lair:4)
  2 vault guards (Bailey)
  3 catoblepae
  4 hydras
  A boulder beetle (Lair:4)
  7 death yaks (IceCv)
  2 two-headed ogres
  Urug (D:10)
  Sonja (Lair:3)
  Nergalle (D:10)
  3 elephants (Lair:4)
  Maurice (D:9)
  An ice statue (IceCv)
  A torpor snail (Lair:4)
  3 black mambas
  3 cane toads
  3 komodo dragons
  9 rime drakes
  A kobold demonologist (D:11)
  2 trolls
  4 polar bears (IceCv)
  8 blink frogs (Lair:3)
  A tyrant leech (Lair:2)
  Prince Ribbit (Bailey)
  Sigmund (D:4)
  A shadow (D:10)
  3 wyverns
  Eustachio (D:4)
  4 humans
  A basilisk (Lair:2)
  40 yaks
  2 swamp worms (Lair:2)
  3 steam dragons
  3 acid dragons
  Duvessa (D:4)
  8 water moccasins
  3 ice beasts
  3 orc warriors
  3 sky beasts
  3 black bears
  15 wolves
  3 ogres
  9 centaurs
  2 phantoms (D:6)
  Blork the orc (D:4)
  A kobold brigand (D:9)
  24 bullfrogs
  2 gnoll sergeants
  3 scorpions
  9 wights
  Dowan (D:4)
  6 killer bees (D:9)
  6 howler monkeys
  2 orc priests
  A hound (D:5)
  2 jellies
  A sleepcap (D:6)
  2 iguanas
  Terence (D:3)
  8 orc wizards
  16 gnolls
  16 adders
  6 river rats (Sewer)
  A shadow imp (D:6)
  3 white imps
  4 worms
  5 dart slugs
  28 orcs
  6 endoplasms
  8 giant cockroaches
  12 goblins
  8 hobgoblins
  3 quokkas
  18 ball pythons
  6 bats
  4 frilled lizards
  12 kobolds
  34 rats
  A spectral orc (D:7)
435 creatures vanquished.

Vanquished Creatures (others)
  An orc (D:3)
  2 demonic plants (D:3)
  24 fungi
  13 plants
40 creatures vanquished.

Grand Total: 475 creatures vanquished

Notes
Turn   | Place    | Note
-------+----------+-------------------------------------------
     0 | D:1      | mistaj the Vine Stalker Fighter began the quest for the
                  | Orb.
     0 | D:1      | Reached XP level 1. HP: 11/11 MP: 2/2
    92 | D:1      | Reached XP level 2. HP: 16/16 MP: 3/3
   244 | D:1      | Identified a scroll of acquirement
   244 | D:1      | Acquired the +12 eveningstar of the New World {speed, rElec
                  | rN+ MP-9 Dex+4}
   374 | D:1      | Reached XP level 3. HP: 20/20 MP: 0/4
   584 | D:2      | Found Xexamnid's Weapon Shoppe.
   626 | D:2      | Reached skill level 1 in Maces & Flails
   830 | D:2      | Gained mutation: Your natural rate of healing is unusually
                  | fast. [Vine Stalker growth]
   830 | D:2      | Reached XP level 4. HP: 24/24 MP: 0/6
  1014 | D:3      | Acquired a +2 helmet of intelligence
  1050 | D:3      | Found a faded altar of an unknown god.
  1062 | D:3      | Found an ornate altar of the Wu Jian Council.
  1155 | D:3      | Reached skill level 1 in Spellcasting
  1501 | D:3      | Noticed Terence
  1505 | D:3      | Killed Terence
  1506 | D:3      | Reached skill level 2 in Maces & Flails
  1506 | D:3      | Reached XP level 5. HP: 28/28 MP: 0/8
  1572 | D:3      | Found a broken altar of Ashenzari.
  2181 | D:4      | Noticed an ogre
  2185 | D:4      | Killed an ogre
  2186 | D:4      | Reached XP level 6. HP: 33/33 MP: 1/10
  2213 | D:4      | Reached skill level 3 in Maces & Flails
  2223 | D:4      | Found an opulent altar of Gozag.
  2291 | D:4      | Noticed Blork the orc
  2297 | D:4      | Killed Blork the orc
  2321 | D:4      | Found a snail-covered altar of Cheibriados.
  2520 | D:4      | Found a glowing silver altar of Zin.
  2525 | D:4      | Noticed Dowan
  2750 | D:4      | Noticed Duvessa
  2750 | D:4      | Noticed Sigmund
  2762 | D:4      | Killed Duvessa
  2763 | D:4      | Reached XP level 7. HP: 33/37 MP: 1/12
  2768 | D:4      | Killed Sigmund
  2769 | D:4      | Reached skill level 4 in Maces & Flails
  3007 | D:4      | Noticed Eustachio
  3012 | D:4      | Killed Eustachio
  3038 | D:4      | Gained mutation: You have razor-sharp teeth. [Vine Stalker
                  | growth]
  3038 | D:4      | Reached XP level 8. HP: 42/42 MP: 3/14
  3283 | D:4      | Killed Dowan
  3430 | D:4      | Acquired the +0 plate armour "Plog" {Will++ Int+5 Dex-3}
  3461 | D:5      | Entered Level 5 of the Dungeon
  3484 | D:5      | Found a glowing drain.
  3503 | Sewer    | Entered a sewer
  3524 | Sewer    | Reached skill level 5 in Maces & Flails
  3733 | Sewer    | Reached skill level 5 in Fighting
  3733 | Sewer    | Reached skill level 5 in Shields
  3787 | D:5      | Found Fattoqam's Elemental Accessories.
  3999 | D:5      | Found a staircase to the Ecumenical Temple.
  4008 | Temple   | Entered the Ecumenical Temple
  4097 | D:5      | Reached skill level 6 in Maces & Flails
  4236 | D:5      | Reached XP level 9. HP: 43/47 MP: 7/16
  4524 | D:6      | Reached skill level 5 in Spellcasting
  4643 | D:6      | Reached skill level 7 in Maces & Flails
  4811 | D:6      | Found a shadowy altar of Dithmenos.
  5164 | D:7      | Reached XP level 10. HP: 53/53 MP: 10/19
  5174 | D:7      | Found an ancient bone altar of Kikubaaqudgha.
  5244 | D:7      | Reached skill level 8 in Maces & Flails
  5338 | D:7      | Found a basalt altar of Yredelemnul.
  5438 | D:7      | Found a glowing golden altar of the Shining One.
  5771 | D:8      | Found a shimmering altar of Xom.
  5837 | D:8      | Found a radiant altar of Vehumet.
  5885 | D:8      | Identified the +0 plate armour "Bouxoar" {Rampage}
  6436 | D:8      | Found Liozef's General Store.
  6762 | D:9      | Reached skill level 9 in Maces & Flails
  6843 | D:9      | Found a flagged portal.
  6855 | Bailey   | Entered a bailey
  6922 | Bailey   | Reached XP level 11. HP: 54/58 MP: 10/21
  6950 | Bailey   | Noticed a vault guard
  6965 | Bailey   | Killed a vault guard
  6966 | Bailey   | Reached skill level 10 in Maces & Flails
  6987 | Bailey   | Noticed a vault guard
  6987 | Bailey   | Noticed Prince Ribbit
  6994 | Bailey   | Killed Prince Ribbit
  7001 | Bailey   | Killed a vault guard
  7146 | Bailey   | Acquired the ring "Cocoobec" {rPois Will+ rCorr Str+6
                  | Stlth-}
  7178 | D:9      | Noticed Maurice
  7189 | D:9      | Killed Maurice
  7192 | D:9      | Found a burning altar of Makhleb.
  7319 | D:9      | Became a worshipper of Makhleb the Destroyer
  7350 | D:9      | Found a staircase to the Lair.
  7411 | D:9      | Found a bloodstained altar of Trog.
  7612 | D:9      | Noticed a two-headed ogre
  7622 | D:9      | Killed a two-headed ogre
  8008 | D:10     | Entered Level 10 of the Dungeon
  8028 | D:10     | Reached skill level 11 in Maces & Flails
  8413 | D:10     | Noticed Urug
  8423 | D:10     | Killed Urug
  8812 | D:10     | Noticed a two-headed ogre
  8816 | D:10     | Noticed Nergalle
  8824 | D:10     | Killed a two-headed ogre
  8825 | D:10     | Reached XP level 12. HP: 41/65 MP: 9/22
  8832 | D:10     | Killed Nergalle
  8832 | D:10     | Reached * piety under Makhleb
  9371 | D:11     | Reached skill level 12 in Maces & Flails
  9724 | D:11     | Acquired 801 gold pieces
  9800 | Lair:1   | Entered Level 1 of the Lair of Beasts
 10031 | Lair:1   | Noticed a catoblepas
 10039 | Lair:1   | Killed a catoblepas
 10488 | Lair:2   | Noticed a five-headed hydra
 10491 | Lair:2   | Found a frozen archway.
 10494 | Lair:2   | Killed a five-headed hydra
 10545 | IceCv    | Entered an ice cave
 10555 | IceCv    | Reached ** piety under Makhleb
 10686 | IceCv    | Noticed a death yak
 10698 | IceCv    | Killed a death yak
 10734 | IceCv    | Noticed a death yak
 10742 | IceCv    | Noticed a death yak
 10745 | IceCv    | Killed a death yak
 10746 | IceCv    | Reached skill level 13 in Maces & Flails
 10759 | IceCv    | Killed a death yak
 10760 | IceCv    | Reached skill level 10 in Fighting
 10760 | IceCv    | Reached XP level 13. HP: 72/72 MP: 14/23
 10847 | IceCv    | Reached skill level 10 in Shields
 10948 | IceCv    | Noticed a frost giant
 10959 | IceCv    | Killed a frost giant
 11328 | Lair:2   | Reached *** piety under Makhleb
 11329 | Lair:2   | Reached skill level 14 in Maces & Flails
 11367 | Lair:2   | Found a staircase to the Snake Pit.
 11490 | Lair:2   | Found a staircase to the Swamp.
 12122 | Lair:3   | Found a white marble altar of Elyvilon.
 12267 | Lair:3   | Noticed Sonja
 12272 | Lair:3   | Killed Sonja
 12577 | Lair:4   | Reached XP level 14. HP: 79/79 MP: 15/24
 12688 | Lair:4   | Reached **** piety under Makhleb
 12770 | Lair:4   | Noticed Nessos
 12783 | Lair:4   | Killed Nessos
 12889 | Lair:4   | Reached skill level 15 in Maces & Flails
 13009 | Lair:4   | Found a runed translucent door.
 13044 | Lair:4   | Mangled by a phantasmal warrior

Illustrated notes

Levels and vault maps discovered:
D:1:      dpeg_arrival_long_road, layout_basic
D:2:      layout_rooms, serial_shops, nicolae_shop_bloodbath_and_beyond
D:3:      layout_loops_corners, lemuel_round_altar,
          mainiacjoe_overflow_alcove_4, shapermc_ecumenical_altar_gd,
          minmay_misc_feat_roman, uniq_terence
D:4:      cheibrodos_old_hovel, layout_basic, kennysheep_mini,
          nicolae_gozag_cash_rules_everything_around_me, zin_statuary,
          uniq_eustachio, uniq_duvessa, uniq_blork_the_orc, uniq_sigmund
D:5:      layout_basic, minmay_temple_entry_antechambers, portal_sewer_entry_b,
          nicolae_elemental_shop
D:6:      layout_rooms, grunt_dithmenos_shadows, centaur_isle
D:7:      layout_rooms, yredelemnul_forgotten_temple_becter,
          mainiacjoe_overflow_boulevard, general_overflow_altar
D:8:      layout_layer_cave, lemuel_doored_altar, mainiacjoe_overflow_24_doors,
          serial_shops, shop
D:9:      layout_basic, overflow_temple_1_default, mainiacjoe_overflow_paths,
          grunt_lair_entry_orc_guard_hut, enter_bailey_5,
          hangedman_decor_points, minmay_quadrilaterals, uniq_maurice
D:10:     layout_basic, uniq_urug, uniq_nergalle
D:11:     layout_roguey
Temple:   chequers_temple_sunken
Lair:1:   layout_chaotic_city, serial_bayou_shore_b, lemuel_fruit_tree
Lair:2:   layout_hall_layers, palyth_hydra_swamp_entry, dummy_snake_entry,
          portal_ice_cave_rime
Lair:3:   layout_big_grid, basic_altar, cheibrodos_lair_reptile_den, uniq_sonja
Lair:4:   layout_roguey, pdpol_lair_cabin_in_the_woods, uniq_nessos

Skill      XL: |  1  2  3  4  5  6  7  8  9 10 11 12 13 14 |
---------------+-------------------------------------------+-----
Axes           | 2 |  2.2
Fighting       | 3 4 5 6 7 8 10 11 | 11.3
Shields        | 3 4 5 6 7 8 9 11 | 11.2
Maces & Flails | 1 2 3 4 6 7 9 11 13 14 15 | 15.0
Spellcasting   | 1 2 3 4 5 6 |  6.3
Armour         | |  2.4

Action                     |  1- 3 |  4- 6 |  7- 9 | 10-12 | 13-15 || total
---------------------------+-------+-------+-------+-------+-------++-------
  Melee: War axe           |    42 |       |       |       |       ||    42
         Bite              |    11 |     8 |    38 |   132 |    92 ||   281
         Eveningstar       |    35 |    60 |   214 |   425 |   235 ||   969
    Use: Scroll            |     1 |     1 |     7 |    10 |       ||    19
 Armour: Scale mail        |    30 |    14 |     7 |       |       ||    51
         Plate armour      |       |       |   103 |   121 |    66 ||   290
  Dodge: Dodged            |    35 |    18 |    42 |    65 |    34 ||   194
  Block: Buckler           |    19 |    15 |   141 |   166 |    83 ||   424
         Reflection        |       |     2 |    25 |     5 |       ||    32

Table legend: (Time is in decaauts)
 A = Elapsed time spent in this place.
 B = Non-inter-level travel time spent in this place.
 C = Inter-level travel time spent in this place.
 D = Time resting spent in this place.
 E = Time spent auto-exploring this place.
 F = Levels seen in this place.
 G = Mean time per level.
                   A        B        C        D        E       F      G
               +--------+--------+--------+--------+--------+-----+--------+
         Total |  12845 |  12407 |    438 |   1695 |   7695 |  19 |  676.1 |
       Dungeon |   9088 |   8727 |    361 |   1072 |   5796 |  11 |  826.2 |
        Temple |     54 |     32 |     22 |      0 |      0 |   1 |   54.0 |
          Lair |   2562 |   2507 |     55 |    318 |   1761 |   4 |  640.5 |
         Sewer |    304 |    304 |      0 |     21 |     19 |   1 |  304.0 |
        Bailey |    284 |    284 |      0 |    132 |      0 |   1 |  284.0 |
      Ice Cave |    550 |    550 |      0 |    152 |    118 |   1 |  550.0 |
               +--------+--------+--------+--------+--------+-----+--------+

Top non-repeatable levels by time:
     D:4: 1289 daAuts
     D:3: 1226 daAuts
     D:8: 1100 daAuts
     D:9: 960 daAuts
    D:10: 886 daAuts
    D:11: 853 daAuts
  Lair:3: 765 daAuts
     D:6: 746 daAuts
  Lair:2: 658 daAuts
  Lair:1: 633 daAuts
     D:5: 609 daAuts
     D:1: 597 daAuts
   IceCv: 550 daAuts
  Lair:4: 505 daAuts
     D:7: 458 daAuts
